 Dungeon Crawl Stone Soup version 0.26-a0-1184-g95e395e029 (webtiles) character file.

Game seed: 9498225984045257545

106356 sahdkjhfkaj the Zephyrmancer (level 15, -5/169 HPs)
             Began as a Yellow Draconian Venom Mage on Dec 28, 2020.
             Was a High Priest of Sif Muna.
             Slain by a tentacle (13 damage)
             ... attached to a kraken
             ... on level 1 of the Shoals.
             The game lasted 01:26:51 (49550 turns).

sahdkjhfkaj the Zephyrmancer (DrVM)                Turns: 49550, Time: 01:26:51

Health: -5/169     AC: 27    Str:  8 (11) XL:     15   Next: 97%
Magic:  1/30       EV:  2    Int: 17 (21) God:    Sif Muna [*****.]
Gold:   2449       SH:  4    Dex: 10 (12) Spells: 1/36 levels left

rFire    x . .     SeeInvis .   a - staff of air
rCold    + + .     Faith    +   f - +0 buckler
rNeg     + + +     Spirit   .   (armour unavailable)
rPois    +         Reflect  .   (helmet currently unavailable)
rElec    +         Harm     .   (cloak currently unavailable)
rCorr    .         Rampage  .   (gloves currently unavailable)
Will     ++++.     NoTele   +   (boots currently unavailable)
Stlth    +++.......             G - amulet of the Hippo {Faith rF- rC+ Will+++}
HPRegen  0.38/turn              I - ring "Yzuirchio" {+Blink rPois rC+ Stlth+}
MPRegen  0.22/turn              H - ring of wizardry

@: tree-form, studying Transmutations
A: (spit acid), unfitting armour, AC +9
a: Renounce Religion, Evoke Blink, Channel Magic, Forget Spell, Divine Exegesis


You were on level 1 of the Shoals.
You worshipped Sif Muna.
Sif Muna was extremely pleased with you.
You were a tree.
You visited 5 branches of the dungeon, and saw 25 of its levels.
You also visited: Bailey and Gauntlet.

You collected 3368 gold pieces.
You spent 919 gold pieces at shops.

Inventory:

Missiles
 U - 3 throwing nets {!f}
Armour
 f - a +0 buckler (worn)
 M - a +2 hat of willpower (melded)
 Y - the +1 pair of boots "Velioch" (melded) {+Blink Dex+5}
   (You acquired it on level 13 of the Dungeon)

   It affects your dexterity (+5).
   It lets you blink.
Magical Staves
 a - an uncursed staff of air (weapon)
Jewellery
 h - a +4 ring of evasion
 l - an uncursed ring of poison resistance
 y - a +4 ring of protection
 A - an uncursed amulet of magic regeneration
 G - the amulet of the Hippo (around neck) {Faith rF- rC+ Will+++}
   (You found it in a Gauntlet)

   [amulet of faith]

   It allows you to gain divine favour quickly.
   It makes you vulnerable to fire.
   It protects you from cold.
   It affects your willpower, your defense against some magical effects.
 H - a ring of wizardry (right branch)
 I - the ring "Yzuirchio" (left branch) {+Blink rPois rC+ Stlth+}
   (You found it in a Gauntlet)

   [ring of stealth]

   It protects you from cold.
   It protects you from poison.
   It lets you blink.
   It makes you more stealthy.
 V - an uncursed ring of see invisible
Wands
 g - a wand of enslavement (4)
 i - a wand of polymorph (38)
 t - a wand of paralysis (7)
 v - a wand of acid (11)
 x - a wand of random effects (18)
 z - a wand of flame (30)
 C - a wand of disintegration (13)
 N - a wand of iceblast (27)
Scrolls
 d - 4 scrolls of immolation
 j - 4 scrolls of enchant weapon
 k - 12 scrolls of teleportation {!r}
 o - 2 scrolls of amnesia
 r - 3 scrolls of magic mapping
 s - 14 scrolls of remove curse
 F - 3 scrolls of silence {!r}
 K - 2 scrolls of enchant armour
 O - a scroll of fog
 S - a scroll of vulnerability {unknown}
 X - a scroll of fear {unknown}
Potions
 b - 13 potions of curing
 c - 4 potions of attraction {unknown}
 e - 6 potions of lignification
 m - 5 potions of haste
 n - 2 potions of flight
 p - 2 potions of magic
 u - 7 potions of mutation
 B - 4 potions of degeneration
 D - a potion of berserk rage {unknown}
 E - 3 potions of ambrosia {unknown}
 L - 4 potions of resistance {unknown}
 Q - 3 potions of invisibility {unknown}
 W - a potion of might {unknown}
 Z - a potion of brilliance {unknown}
Books
 R - a manual of Transmutations
Miscellaneous
 w - a tin of tremorstones (2/2)


   Skills:
 - Level 5.0 Fighting
 - Level 2.0 Short Blades
 - Level 5.0 Dodging
 - Level 1.7 Stealth
 - Level 4.0 Shields
 - Level 11.0 Spellcasting
 - Level 10.0 Conjurations
 + Level 6.8 Hexes
 - Level 8.0 Summonings
 - Level 12.0 Translocations
 - Level 1.0 Transmutations
 - Level 14.0 Air Magic
 - Level 5.0 Poison Magic
 - Level 8.0 Invocations
 - Level 5.0 Evocations


You had one spell level left.
You knew the following spells:

 Your Spells              Type           Power        Failure   Level
a - Airstrike             Air            35%          1%          4
c - Ignite Poison         Fire/Tmut/Pois 16%          4%          3
d - Summon Lightning Spi  Summ/Air       63%          1%          4
e - Olgreb's Toxic Radia  Pois           26%          4%          4
A - Conjure Ball Lightni  Conj/Air       33%          3%          6
B - Blink                 Tloc           N/A          1%          2
F - Malign Gateway        Summ/Tloc      21%          38%         7
V - Summon Mana Viper     Hex/Summ       34%          4%          5

Your spell library contained the following spells:

 Spells                   Type           Power        Failure   Level
 Apportation              Tloc           100%         1%          1
 Beastly Appendage        Tmut           24%          1%          1
 Corona                   Hex            35%          1%          1
 Foxfire                  Conj/Fire      100%         1%          1
 Magic Dart               Conj           100%         1%          1
 Shock                    Conj/Air       100%         1%          1
 Sting                    Tmut/Pois      76%          1%          1
 Summon Small Mammal      Summ           100%         1%          1
 Call Imp                 Summ           36%          1%          2
 Ensorcelled Hibernation  Hex/Ice        40%          1%          2
 Poisonous Vapours        Pois/Air       100%         1%          2
 Slow                     Hex            32%          1%          2
 Swiftness                Air            71%          1%          2
 Call Canine Familiar     Summ           36%          1%          3
 Confusing Touch          Hex            32%          1%          3
 Conjure Flame            Conj/Fire      26%          1%          3
 Dazzling Flash           Conj/Hex       74%          1%          3
 Mephitic Cloud           Conj/Pois/Air  59%          1%          3
 Portal Projectile        Hex/Tloc       82%          1%          3
 Static Discharge         Conj/Air       66%          1%          3
 Stone Arrow              Conj/Erth      52%          1%          3
 Summon Guardian Golem    Hex/Summ       34%          1%          3
 Tukima's Dance           Hex            32%          1%          3
 Iskenderun's Mystic Bla  Conj/Tloc      46%          1%          4
 Passage of Golubria      Tloc           N/A          1%          4
 Iskenderun's Battlesphe  Conj           43%          1%          5
 Lightning Bolt           Conj/Air       33%          1%          5
 Silence                  Hex/Air        30%          1%          5
 Summon Forest            Summ/Tloc      21%          1%          5
 Inner Flame              Hex/Fire       20%          2%          3
 Spider Form              Tmut/Pois      9%           2%          3
 Wereblood                Tmut           12%          3%          2
 Summon Demon             Summ           18%          3%          5
 Passwall                 Tmut/Erth      9%           4%          2
 Sticky Flame             Conj/Fire      26%          4%          4
 Summon Ice Beast         Ice/Summ       22%          6%          4
 Leda's Liquefaction      Hex/Erth       10%          8%          4
 Fireball                 Conj/Fire      13%          11%         5
 Shadow Creatures         Summ           N/A          17%         6
 Metabolic Englaciation   Hex/Ice        10%          21%         5
 Bolt of Magma            Conj/Fire/Erth 10%          22%         5
 Ice Form                 Ice/Tmut       11%          24%         4
 Petrify                  Tmut/Erth      11%          24%         4
 Invisibility             Hex            32%          26%         6
 Orb of Destruction       Conj           21%          38%         7
 Blade Hands              Tmut           6%           45%         5
 Iron Shot                Conj/Erth      13%          50%         6
 Starburst                Conj/Fire      13%          50%         6
 Spellforged Servitor     Conj/Summ      19%          52%         7
 Summon Hydra             Summ           18%          65%         7
 Chain Lightning          Conj/Air       33%          78%         8
 Disjunction              Tloc           25%          78%         8
 Statue Form              Tmut/Erth      7%           97%         6
 Discord                  Hex            16%          100%        8
 Ignition                 Fire           4%           100%        8
 Dragon's Call            Summ           18%          100%        9


Dungeon Overview and Level Annotations

Branches:
Dungeon (15/15)            Temple (0/1) D:6            Lair (6/6) D:10
 Shoals (1/4) Lair:2       Spider (1/4) Lair:3        Slime (0/5) Lair:5
    Orc (2/2) D:11            Elf (0/3) Orc:2        Vaults (0/5) D:13
 Depths (0/5) D:15         Bailey (visited)         Gauntlet (visited)

Altars:
Cheibriados
Dithmenos
Gozag
Kikubaaqudgha
Nemelex Xobeh
Okawaru
Qazlal
Sif Muna
Wu Jian
Yredelemnul
The Shining One
Beogh

Shops:
D:11 *   D:14 ?   D:15 [   Orc:2 =[*[   Shoals:1 *

Portals:
Trove: D:13 (give 8 potions of haste)


Innate Abilities, Weirdness & Mutations

((You can spit globs of acid.))
((Your golden yellow scales are hard. (AC +9)))
You cannot fit into any form of body armour.
((You have acidic saliva.))
((You are cold-blooded and may be slowed by cold attacks.))
((You are resistant to acid. (rCorr)))


Message History

You feel clumsy. The tentacle slaps you!
* * * LOW HITPOINT WARNING * * *
The tentacle slaps you but does no damage. x2
The tentacle slaps you.
* * * LOW HITPOINT WARNING * * *
The tentacle slaps you but does no damage.
The tentacle slaps you.
* * * LOW HITPOINT WARNING * * *
Okay, then.
Okay, then.
Okay, then.
Evoke which item? (* to show all) (? for menu, Esc to quit)
Aiming: Iceblast
Press: ? - help, Shift-Dir - straight line, p - kraken The mass of ice explodes!
The iceblast engulfs the tentacle!
The tentacle is moderately wounded.
The tentacle slaps you but does no damage. x2
The tentacle slaps you!
You die...

#. ≈≈≈≈≈≈≈≈≈≈≈≈≈.. #.
≈≈≈≈≈PP≈≈P≈≈≈≈.. ##.
≈≈≈≈≈≈PP≈P≈...≈. ###..
≈≈≈≈≈≈≈≈PP≈≈.... ###....
≈≈≈≈≈≈≈≈P≈≈....# ##..≈≈..
≈≈≈≈≈≈≈≈≈≈....# ##.≈≈....
≈≈≈≈≈≈≈≈≈*w..#### #..≈≈..##
≈≈≈≈≈X≈≈≈*w♣##..####..≈≈.##
≈≈≈≈≈≈§≈≈.w##.≈≈≈....≈≈..#
≈≈≈≈≈≈≈≈≈...≈≈≈≈(...≈≈≈≈....
≈≈≈≈≈≈≈..>..≈≈≈≈....≈≈≈≈≈...
≈≈≈≈≈≈≈......≈≈≈...≈≈≈.≈≈≈..
≈≈≈≈≈≈≈.#######.≈≈≈≈≈≈.≈≈≈≈≈
≈≈≈≈≈≈≈.# #.≈≈≈≈≈≈≈≈≈≈≈≈
≈≈≈≈≈≈≈.# #.≈≈≈≈≈≈≈≈≈≈≈≈
≈≈≈≈≈≈≈≈. #.≈≈≈≈≈≈≈≈≈≈≈


You could see a kraken and 3 tentacles.

Vanquished Creatures
  Agnes (D:15)
  Kirke (Lair:6)
  An orc warlord (Orc:1)
  A ghost moth (Lair:3)
  A minotaur (Gauntlet)
  A yaktaur captain (D:15)
  8 hydras
  3 centaur warriors
  A merfolk avatar (Shoals:1)
  7 boulder beetles
  A vault guard (D:13)
  A ghost crab (Gauntlet)
  Erica (D:9)
  A catoblepas (Lair:4)
  The ghost of voltaire321 the Geomancer, a journeyman GrEE of Elyvilon (Lair:1)
  2 two-headed ogres (D:15)
  The ghost of Asceticacid the Cleaver, a novice DsGl of Gozag (D:7)
  A tengu warrior (D:13)
  A deep elf knight (D:13)
  3 orc high priests (Orc:2)
  A soul eater (Gauntlet)
  A skeletal warrior (D:13)
  4 unseen horrors
  3 oklob plants (Lair:1)
  5 orc knights
  2 orb spiders (Spider:1)
  2 ugly things
  A cyclops (D:14)
  5 wolf spiders
  5 deep elf magi
  4 orc sorcerers (Orc:2)
  Maurice (Orc:2)
  3 fauns (Shoals:1)
  A moth of wrath (Spider:1)
  3 manticores
  6 elephants
  A wolf spider (shapeshifter) (Gauntlet)
  4 black mambas
  A gargoyle (D:11)
  3 kobold demonologists (D:13)
  16 cane toads
  5 yaktaurs
  4 rime drakes
  15 komodo dragons
  3 demonic crawlers
  A merfolk (shapeshifter) (Gauntlet)
  2 tengu conjurers (D:13)
  6 trolls
  7 hornets
  3 jumping spiders
  3 polar bears
  A harpy skeleton (D:15)
  A wind drake (Shoals:1)
  2 merfolk (Shoals:1)
  3 blink frogs (Lair:3)
  6 dream sheep (Lair:6)
  A snapping turtle (Shoals:1)
  13 spriggans
  2 shadows (D:14)
  3 wraiths
  6 wyverns
  51 yaks
  A vampire (D:13)
  3 redbacks
  2 hogs (Lair:6)
  4 basilisks
  A soldier ant (D:12)
  6 wargs
  9 water moccasins
  Duvessa (D:6)
  A hornet zombie (D:13)
  4 ice beasts
  3 sky beasts
  39 orc warriors
  5 phantoms
  6 black bears
  35 wolves
  23 centaurs
  14 ogres
  3 boggarts (Lair:6)
  A lemure (D:3)
  6 big kobolds
  Dowan (D:6)
  A wyvern zombie (D:14)
  24 bullfrogs
  A wyvern skeleton (D:13)
  6 scorpions
  24 killer bees
  13 wights
  6 electric eels
  4 howler monkeys
  3 bullfrog zombies
  4 lava snakes
  22 jellies
  4 centaur zombies
  6 hounds
  5 centaur skeletons
  2 quasits
  20 orc priests
  9 bullfrog skeletons
  Jessica (D:3)
  5 iguanas
  7 worker ants
  28 orc wizards
  4 hell rats (Lair:5)
  A hound zombie (D:11)
  A worker ant zombie (D:11)
  A howler monkey skeleton (D:7)
  A howler monkey zombie (D:8)
  15 adders
  4 gnolls
  6 shadow imps
  19 white imps
  An ufetubus (D:5)
  2 oozes
  An adder zombie (D:5)
  An adder skeleton (D:8)
  4 dart slugs
  2 worms
  4 leopard geckos
  101 orcs
  4 giant cockroaches
  8 goblins
  4 hobgoblins
  11 jackals
  25 kobolds
  5 quokkas
  7 bats
  7 frilled lizards
  A jackal zombie (D:5)
  2 quokka skeletons
  A rat (D:3)
  2 tentacles (Shoals:1)
856 creatures vanquished.

Vanquished Creatures (collateral kills)
  A deep elf archer (D:13)
  2 orc knights (Orc:1)
  An ugly thing (D:13)
  A hornet (D:12)
  A troll (D:13)
  A spriggan (Lair:6)
  A hog (Lair:6)
  An acid dragon (D:11)
  A bullfrog (D:12)
  2 howler monkeys (D:12)
  A centaur zombie (D:12)
  An orc (D:12)
14 creatures vanquished.

Vanquished Creatures (others)
  An eldritch tentacle (Shoals:1)
  A merfolk avatar (Shoals:1)
  A hound (D:6)
  An orc wizard (D:12)
  26 ball lightnings
  33 fungi
  60 plants
  3 tentacles (Shoals:1)
  3 withered plants (Gauntlet)
129 creatures vanquished.

Grand Total: 999 creatures vanquished

Notes
Turn   | Place    | Note
-------+----------+-------------------------------------------
     0 | D:1      | sahdkjhfkaj the Draconian Venom Mage began the quest for
                  | the Orb.
     0 | D:1      | Reached XP level 1. HP: 14/14 MP: 3/3
   121 | D:1      | Reached skill level 1 in Fighting
   300 | D:1      | Reached skill level 1 in Short Blades
   334 | D:1      | Reached XP level 2. HP: 23/23 MP: 0/5
   876 | D:2      | Learned a level 2 spell: Poisonous Vapours
   995 | D:2      | Reached skill level 1 in Air Magic
  1066 | D:2      | Reached XP level 3. HP: 28/28 MP: 3/6
  1911 | D:2      | Reached skill level 2 in Air Magic
  2003 | D:2      | Found an iron altar of Okawaru.
  2013 | D:2      | Found an ornate altar of the Wu Jian Council.
  2205 | D:3      | Learned a level 3 spell: Mephitic Cloud
  2324 | D:3      | Noticed Jessica
  2335 | D:3      | Killed Jessica
  2336 | D:3      | Reached XP level 4. HP: 33/35 MP: 3/8
  2577 | D:3      | Noticed Grinder
  2582 | D:3      | Noticed Grinder
  2582 | D:3      | Grinder changed into Grinder the lemure
  2603 | D:3      | Killed Grinder the lemure
  2604 | D:3      | Reached XP level 5. HP: 12/40 MP: 0/10
  3781 | D:3      | Learned a level 3 spell: Ignite Poison
  3803 | D:4      | Reached skill level 1 in Evocations
  3890 | D:4      | Found a sand-covered staircase.
  3999 | D:4      | Noticed a phantom
  4141 | D:4      | Reached XP level 6. HP: 47/47 MP: 1/12
  4457 | D:4      | Noticed an ice beast
  4461 | D:4      | Killed an ice beast
  4462 | D:4      | Reached skill level 5 in Evocations
  4462 | D:4      | Your scales start taking on a golden yellow colour.
  4462 | D:4      | Reached XP level 7. HP: 52/52 MP: 6/13
  4462 | D:4      | Gained mutation: You are resistant to acid. (rCorr) [Yellow
                  | Draconian growth]
  4559 | D:4      | Learned a level 4 spell: Olgreb's Toxic Radiance
  4871 | D:5      | Entered Level 5 of the Dungeon
  5008 | D:5      | Reached skill level 3 in Air Magic
  5245 | D:5      | Reached skill level 4 in Air Magic
  5491 | D:5      | Reached skill level 5 in Air Magic
  5883 | D:5      | Reached XP level 8. HP: 47/59 MP: 1/14
  6126 | D:5      | Found an ancient bone altar of Kikubaaqudgha.
  6204 | D:6      | Reached skill level 6 in Air Magic
  6293 | D:6      | Found a shimmering blue altar of Sif Muna.
  6293 | D:6      | Found a sparkling altar of Nemelex Xobeh.
  6300 | D:6      | Found a basalt altar of Yredelemnul.
  6302 | D:6      | Found a glowing golden altar of the Shining One.
  6306 | D:6      | Became a worshipper of Sif Muna the Loreminder
  6311 | D:6      | Found an opulent altar of Gozag.
  6604 | D:6      | Noticed Duvessa
  6606 | D:6      | Noticed Dowan
  6642 | D:6      | Killed Duvessa
  6643 | D:6      | Reached skill level 5 in Poison Magic
  6643 | D:6      | Reached skill level 1 in Summonings
  6646 | D:6      | Learned a level 2 spell: Blink
  6738 | D:6      | Killed Dowan
  6953 | D:6      | Found a staircase to the Ecumenical Temple.
  7398 | D:7      | Reached * piety under Sif Muna
  7591 | D:7      | Found a flagged portal.
  7603 | Bailey   | Entered a bailey
  7937 | Bailey   | Reached skill level 5 in Summonings
  8022 | Bailey   | Noticed an orc knight
  8024 | Bailey   | Reached XP level 9. HP: 64/64 MP: 0/15
  8148 | Bailey   | Reached skill level 7 in Air Magic
  8208 | Bailey   | Killed an orc knight
  8209 | Bailey   | Reached skill level 8 in Air Magic
  8719 | D:7      | Reached skill level 9 in Air Magic
  9166 | D:7      | Reached ** piety under Sif Muna
  9531 | D:7      | Reached skill level 10 in Air Magic
  9961 | D:7      | Found a snail-covered altar of Cheibriados.
 10882 | D:8      | Found a shadowy altar of Dithmenos.
 10971 | D:8      | Reached XP level 10. HP: 67/71 MP: 8/16
 11223 | D:8      | Found a roughly hewn altar of Beogh.
 11223 | D:8      | Found a transporter.
 11386 | D:8      | Found a runed translucent gate.
 11387 | D:8      | Found a runed translucent gate.
 11387 | D:8      | Found a runed translucent gate.
 11387 | D:8      | Noticed Asceticacid's ghost (novice DsGl)
 11389 | D:8      | Identified the cursed +0 plate armour of Conscience {+Inv
                  | rF+ rN+ Slay+3}
 11390 | D:8      | Found a roughly hewn altar of Beogh.
 11459 | D:8      | Reached skill level 11 in Air Magic
 11602 | D:8      | Found a transporter.
 12250 | D:9      | Reached *** piety under Sif Muna
 12885 | D:9      | You fall into a shaft and drop 2 floors!
 12918 | D:11     | Noticed a manticore
 12922 | D:11     | Killed a manticore
 12923 | D:11     | Reached skill level 12 in Air Magic
 13206 | D:10     | Entered Level 10 of the Dungeon
 13356 | D:10     | Found a staircase to the Lair.
 13357 | D:10     | Noticed an elephant
 13368 | D:10     | Killed an elephant
 13493 | D:10     | Noticed a two-headed ogre
 13576 | D:10     | Learned a level 4 spell: Airstrike
 13735 | D:8      | Reached **** piety under Sif Muna
 13755 | D:8      | Reached skill level 13 in Air Magic
 13756 | D:8      | Reached skill level 1 in Shields
 14009 | D:7      | Killed Asceticacid's ghost
 14010 | D:7      | Reached XP level 11. HP: 62/84 MP: 1/17
 15258 | D:9      | Noticed Erica
 15266 | D:9      | Killed Erica
 15414 | D:9      | Reached skill level 5 in Fighting
 15424 | D:9      | Reached skill level 5 in Spellcasting
 15741 | D:10     | Reached ***** piety under Sif Muna
 15923 | D:10     | Identified Sif Muna's Collected Works on the Damaging
                  | Glacier (Sif Muna gifted it to you on level 10 of the
                  | Dungeon)
 15923 | D:10     | Received a gift from Sif Muna
 16143 | D:10     | Reached skill level 5 in Dodging
 16656 | Lair:1   | Entered Level 1 of the Lair of Beasts
 16675 | Lair:1   | Noticed voltaire321's ghost (journeyman GrEE)
 16680 | Lair:1   | Noticed a five-headed hydra
 16686 | Lair:1   | Killed a five-headed hydra
 17058 | Lair:1   | Found a runed translucent door.
 17094 | Lair:1   | Reached skill level 5 in Translocations
 17120 | Lair:1   | Killed voltaire321's ghost
 17439 | Lair:1   | Noticed an oklob plant
 17442 | Lair:1   | Noticed an oklob plant
 17444 | Lair:1   | Noticed an oklob plant
 17825 | Lair:1   | Reached XP level 12. HP: 94/94 MP: 8/19
 18323 | Lair:2   | Found a gate leading to a gauntlet.
 18333 | Gauntlet | Entered a Gauntlet
 18333 | Gauntlet | Found a transporter.
 18333 | Gauntlet | Found a transporter.
 18333 | Gauntlet | Found a transporter.
 18333 | Gauntlet | Found a transporter.
 18521 | Gauntlet | Found a transporter.
 18523 | Gauntlet | Noticed a catoblepas
 18531 | Gauntlet | Found a transporter.
 18532 | Gauntlet | Noticed a ghost crab
 18535 | Gauntlet | Found a transporter.
 18545 | Gauntlet | Found a transporter.
 18550 | Gauntlet | Found a transporter.
 18571 | Gauntlet | Found a transporter.
 18573 | Gauntlet | Found a transporter.
 18583 | Gauntlet | Found a transporter.
 18953 | Gauntlet | Killed a ghost crab
 19002 | Gauntlet | Got a clouded pewter amulet
 19020 | Gauntlet | Identified the amulet of the Hippo {Faith rF- rC+ Will+++}
                  | (You found it in a Gauntlet)
 19020 | Gauntlet | Noticed a shadow dragon
 19022 | Gauntlet | Noticed a fire giant
 19022 | Gauntlet | a shadow dragon changed into a fire giant
 19026 | Gauntlet | Noticed an azure jelly
 19026 | Gauntlet | a fire giant changed into an azure jelly
 19028 | Gauntlet | Noticed a storm dragon
 19028 | Gauntlet | an azure jelly changed into a storm dragon
 19031 | Gauntlet | a storm dragon changed into something unseen
 19033 | Gauntlet | Noticed an entropy weaver
 19035 | Gauntlet | Noticed a bunyip
 19035 | Gauntlet | an entropy weaver changed into a bunyip
 19040 | Gauntlet | Noticed an alligator
 19040 | Gauntlet | a bunyip changed into an alligator
 19042 | Gauntlet | Noticed an entropy weaver
 19042 | Gauntlet | an alligator changed into an entropy weaver
 19046 | Gauntlet | Noticed an emperor scorpion
 19046 | Gauntlet | an entropy weaver changed into an emperor scorpion
 19058 | Gauntlet | Noticed an azure jelly
 19058 | Gauntlet | an emperor scorpion changed into an azure jelly
 19063 | Gauntlet | Noticed an entropy weaver
 19063 | Gauntlet | an azure jelly changed into an entropy weaver
 19069 | Gauntlet | Noticed a spark wasp
 19069 | Gauntlet | an entropy weaver changed into a spark wasp
 19075 | Gauntlet | Noticed a fire dragon
 19075 | Gauntlet | a spark wasp changed into a fire dragon
 19078 | Gauntlet | Noticed a boulder beetle
 19078 | Gauntlet | a fire dragon changed into a boulder beetle
 19085 | Gauntlet | Noticed a satyr
 19085 | Gauntlet | a boulder beetle changed into a satyr
 19091 | Gauntlet | Got a translucent bronze ring
 19091 | Gauntlet | Noticed a fire dragon
 19091 | Gauntlet | a satyr changed into a fire dragon
 19096 | Gauntlet | Noticed a satyr
 19096 | Gauntlet | a fire dragon changed into a satyr
 19099 | Gauntlet | Noticed a bunyip
 19099 | Gauntlet | a satyr changed into a bunyip
 19101 | Gauntlet | a bunyip changed into a goliath frog
 19105 | Gauntlet | Noticed a queen ant
 19105 | Gauntlet | a goliath frog changed into a queen ant
 19115 | Gauntlet | Noticed an ice dragon
 19115 | Gauntlet | a queen ant changed into an ice dragon
 19122 | Gauntlet | Noticed a four-headed hydra
 19122 | Gauntlet | an ice dragon changed into a four-headed hydra
 19128 | Gauntlet | Noticed a bunyip
 19128 | Gauntlet | a four-headed hydra changed into a bunyip
 19129 | Gauntlet | Noticed an ettin
 19129 | Gauntlet | a bunyip changed into an ettin
 19130 | Gauntlet | Noticed an alligator
 19130 | Gauntlet | an ettin changed into an alligator
 19131 | Gauntlet | an alligator changed into a slime creature
 19195 | Gauntlet | Noticed a minotaur
 19200 | Gauntlet | Killed a minotaur
 19402 | Gauntlet | Identified the ring "Yzuirchio" {+Blink rPois rC+ Stlth+}
                  | (You found it in a Gauntlet)
 19414 | Gauntlet | Learned a level 6 spell: Conjure Ball Lightning
 19766 | Lair:2   | Noticed an eight-headed hydra
 19773 | Lair:2   | Killed an eight-headed hydra
 19774 | Lair:2   | Reached skill level 10 in Translocations
 19890 | Lair:2   | Identified Sif Muna's Compendium of the Compass and
                  | Transmutation (Sif Muna gifted it to you on level 2 of the
                  | Lair of Beasts)
 19890 | Lair:2   | Received a gift from Sif Muna
 19891 | Lair:2   | Reached skill level 1 in Conjurations
 20027 | Lair:2   | Found a staircase to the Shoals.
 20741 | Lair:2   | Found a runed translucent door.
 20981 | Lair:2   | You fall into a shaft and drop 2 floors!
 20982 | Lair:4   | Noticed a four-headed hydra
 20986 | Lair:4   | Killed a four-headed hydra
 21049 | Lair:4   | Reached skill level 5 in Conjurations
 21495 | Lair:2   | Reached XP level 13. HP: 64/100 MP: 3/22
 23653 | Lair:3   | Found a hole to the Spider Nest.
 24028 | Lair:3   | Identified Sif Muna's Grimoire of Bewitchment (Sif Muna
                  | gifted it to you on level 3 of the Lair of Beasts)
 24028 | Lair:3   | Received a gift from Sif Muna
 26456 | Lair:5   | Found a staircase to the Slime Pits.
 27670 | Lair:5   | Received a gift from Sif Muna
 27869 | Lair:5   | Learned a level 4 spell: Summon Lightning Spire
 28137 | Lair:6   | Entered Level 6 of the Lair of Beasts
 28731 | Lair:6   | Reached skill level 10 in Conjurations
 28849 | Lair:6   | Gained mutation: You have acidic saliva. [Yellow Draconian
                  | growth]
 28849 | Lair:6   | Reached XP level 14. HP: 95/107 MP: 15/24
 28923 | Lair:6   | Reached skill level 1 in Invocations
 30889 | Lair:6   | Identified Sif Muna's Compendium of the Mountains and Heat
                  | (Sif Muna gifted it to you on level 6 of the Lair of
                  | Beasts)
 30889 | Lair:6   | Received a gift from Sif Muna
 31516 | Lair:6   | Reached skill level 14 in Air Magic
 31741 | Lair:6   | Identified the cursed +1 robe "Pirit" {rF++ Int-2}
 31741 | Lair:6   | Noticed Kirke
 31867 | Lair:6   | Killed Kirke
 32662 | Lair:6   | Learned a level 5 spell: Summon Mana Viper
 33278 | D:11     | Found Aatzav's Alliterative Accessories.
 33286 | D:11     | Bought a scroll of acquirement for 884 gold pieces
 33286 | D:11     | Acquired Sif Muna's Grimoire of Destructive Orientation
 34503 | D:11     | Found a staircase to the Orcish Mines.
 34810 | D:12     | Received a gift from Sif Muna
 35473 | D:12     | You fall into a shaft and drop 1 floor!
 35516 | D:13     | Reached skill level 10 in Spellcasting
 36668 | D:13     | Reached skill level 5 in Invocations
 37452 | D:13     | Found a portal to a secret trove of treasure.
 37948 | D:13     | Reached XP level 15. HP: 91/113 MP: 2/29
 38475 | D:13     | Received a gift from Sif Muna
 38721 | D:13     | Reached skill level 1 in Hexes
 39405 | D:13     | Found a gate to the Vaults.
 39505 | D:13     | Acquired the +1 pair of boots "Velioch" {+Blink Dex+5}
 40857 | D:14     | Found Vorchunu's Magic Scroll Emporium.
 41354 | D:14     | Learned a level 7 spell: Malign Gateway
 41550 | D:14     | Acquired 827 gold pieces
 41726 | D:15     | Entered Level 15 of the Dungeon
 41746 | D:15     | Noticed Agnes
 41750 | D:15     | Killed Agnes
 42069 | D:15     | Found a staircase to the Depths.
 42242 | D:15     | Found Iwepagio's Antique Armour Emporium.
 42488 | D:15     | Found a stormy altar of Qazlal.
 42530 | D:15     | Identified Sif Muna's Handbook of Supportive Air (Sif Muna
                  | gifted it to you on level 15 of the Dungeon)
 42530 | D:15     | Received a gift from Sif Muna
 43056 | Orc:1    | Entered Level 1 of the Orcish Mines
 43059 | Orc:1    | Noticed an orc warlord
 43067 | Orc:1    | Killed an orc warlord
 43881 | Orc:1    | Found a roughly hewn altar of Beogh.
 44000 | Orc:2    | Entered Level 2 of the Orcish Mines
 44107 | Orc:2    | Found a staircase to the Elven Halls.
 44112 | Orc:2    | Found a roughly hewn altar of Beogh.
 44605 | Orc:2    | Noticed Maurice
 44610 | Orc:2    | Killed Maurice
 46024 | Orc:1    | Identified Sif Muna's Incunabulum of the Oath (Sif Muna
                  | gifted it to you on level 1 of the Orcish Mines)
 46024 | Orc:1    | Received a gift from Sif Muna
 46581 | Orc:2    | Found Zinn's Antique Armour Shop.
 46581 | Orc:2    | Found Beereu's Jewellery Shop.
 46697 | Orc:2    | Found Enelamic's Armour Shoppe.
 46702 | Orc:2    | Found Naiga's Assorted Antiques.
 46706 | Orc:2    | Bought a scroll labelled YFAISOONKAM for 35 gold pieces
 46944 | Spider:1 | Entered Level 1 of the Spider Nest
 46956 | Lair:3   | Reached skill level 5 in Hexes
 47351 | Lair:3   | HP: 2/113 [something (6)]
 47354 | Lair:3   | Killed a ghost moth
 48806 | Shoals:1 | Entered Level 1 of the Shoals
 49147 | Shoals:1 | Found Publeqat's General Store.
 49524 | Shoals:1 | Noticed a kraken
 49549 | Shoals:1 | HP: 7/169 [tentacle[a kraken] (3)]
 49550 | Shoals:1 | Slain by a tentacle

Illustrated notes

Levels and vault maps discovered:
D:1:      dpeg_arrival_round_c, layout_loops_ring
D:2:      layout_loops_ring, amethyst_overflow_temple_binary
D:3:      layout_basic, uniq_jessica, uniq_grinder
D:4:      layout_rooms, lightli_ossuary_entry_decrepit_ruins,
          serial_corexii_hall, chequers_hall_statues_y, chequers_hall_statues_y,
          minmay_cupped
D:5:      layout_cave_pods, kiku_gazebo_pond_becter, minivault_14,
          grunt_ministairs_7
D:6:      layout_loops_ring, chequers_temple_overflow_minitemple,
          minmay_temple_entry_stoned_glass, uniq_duvessa
D:7:      layout_cave_pools, enter_bailey_5, chequers_big_river,
          cheibrodos_worm_habitat
D:8:      gammafunk_beogh_shrine, layout_basic, nicolae_overflow_crystal_walls,
          biasface_ghost_orc_armoury
D:9:      layout_basic, uniq_erica
D:10:     layout_stronghold, david_lair_generic,
          onia_ninara_dug_in_and_dangerous
D:11:     layout_grid_maze, david_orc_4, nicolae_alphabet_shops,
          kennysheep_generic_room_10
D:12:     layout_cave_pools
D:13:     layout_stronghold, hangedman_vaults_entry_quadrant_bands,
          enter_trove_5, kennysheep_generic_room_16
D:14:     layout_gridville, serial_shops, shop
D:15:     grunt_enter_depths_snipers, layout_rooms, minmay_misc_feat_room,
          serial_shops, nicolae_shop_crystal, nicolae_qazlal_style_of_elements,
          uniq_agnes
Lair:1:   layout_small_grid, hellmonk_ghost_happy_afterlife,
          serial_bayou_shore_a, minmay_lair_oklob_chamber
Lair:2:   gammafunk_indiana_jones, layout_layer_cave, shoals_dummy_entry,
          portal_ice_cave_entry_imps, gauntlet_entry_generic
Lair:3:   layout_cave_pods, spider_nest_entry_funnel_web
Lair:4:   layout_big_grid, grunt_megastairs_2
Lair:5:   layout_small_grid, minmay_slime_entry_jelly_boxes
Lair:6:   minmay_lair_end_enchanted_forest, layout_cave_pods,
          grunt_megastairs_4, lemuel_fruit_tree, uniq_kirke
Shoals:1: layout_shoals, serial_shops, shop
Spider:1: layout_spider_delve, uniq_asterion
Orc:1:    layout_caves, minmay_orc_temple_b
Orc:2:    st_orc_elflike, layout_diamond_mine, basic_altar, uniq_maurice

Skill      XL: |  1  2  3  4  5  6  7  8  9 10 11 12 13 14 15 |
---------------+----------------------------------------------+-----
Fighting       | 1 4 5 |  5.0
Short Blades   | 1 2 |  2.0
Air Magic      | 1 2 5 6 10 13 14 | 14.0
Spellcasting   | 3 4 5 6 7 10 11 | 11.0
Evocations     | 3 5 |  5.0
Poison Magic   | 5 |  5.0
Summonings     | 5 8 |  8.0
Shields        | 3 4 |  4.0
Dodging        | 5 |  5.0
Translocations | 6 10 12 | 12.0
Conjurations   | 6 10 | 10.0
Invocations    | 6 8 |  8.0
Hexes          | 6 |  6.8
Stealth        | |  1.7
Transmutations | |  1.0

Action                   |  1- 3 |  4- 6 |  7- 9 | 10-12 | 13-15 || total
-------------------------+-------+-------+-------+-------+-------++-------
Melee: Unarmed           |     2 |       |       |       |       ||     2
       Short sword       |    13 |       |       |       |       ||    13
       Tailslap          |     1 |     4 |    11 |    16 |    26 ||    58
       Staff             |       |    26 |   123 |   145 |   258 ||   552
       Bite              |       |       |       |       |    21 ||    21
 Cast: Sting             |    50 |    37 |    12 |     4 |     1 ||   104
       Poisonous Vapours |       |    33 |    46 |       |       ||    79
       Ignite Poison     |       |     1 |    33 |    62 |    90 ||   186
       Mephitic Cloud    |       |     1 |    15 |     9 |       ||    25
       Olgreb's Toxic Ra |       |       |    39 |    83 |   134 ||   256
       Airstrike         |       |       |       |   132 |   598 ||   730
       Conjure Ball Ligh |       |       |       |       |     9 ||     9
       Summon Lightning  |       |       |       |       |    23 ||    23
       Summon Mana Viper |       |       |       |       |     3 ||     3
       Blink             |       |       |       |       |     2 ||     2
       Malign Gateway    |       |       |       |       |     1 ||     1
Invok: Channel Magic     |       |       |       |       |     1 ||     1
 Abil: Breathe Acid      |       |       |    13 |     8 |     6 ||    27
Evoke: Wand              |       |    10 |       |     5 |     4 ||    19
       Tin of tremorston |       |       |       |     1 |       ||     1
  Use: Potion            |     1 |       |       |     2 |     8 ||    11
       Scroll            |     1 |     2 |     5 |     9 |    13 ||    30
 Stab: Sleeping          |     1 |       |       |       |       ||     1
       Confused          |       |       |     1 |       |       ||     1
Armor: Skin              |    17 |    17 |    71 |    96 |   257 ||   458
Dodge: Dodged            |    21 |    39 |   145 |   264 |   454 ||   923
Block: Buckler           |       |       |       |       |    97 ||    97

Table legend: (Time is in decaauts)
 A = Elapsed time spent in this place.
 B = Non-inter-level travel time spent in this place.
 C = Inter-level travel time spent in this place.
 D = Time resting spent in this place.
 E = Time spent auto-exploring this place.
 F = Levels seen in this place.
 G = Mean time per level.
                   A        B        C        D        E       F      G
               +--------+--------+--------+--------+--------+-----+--------+
         Total |  49779 |  48003 |   1776 |   5456 |  36957 |  27 | 1843.7 |
       Dungeon |  26327 |  25111 |   1216 |   1171 |  20967 |  15 | 1755.1 |
          Lair |  15832 |  15376 |    456 |   2196 |  11660 |   6 | 2638.7 |
        Shoals |    754 |    754 |      0 |    275 |    359 |   1 |  754.0 |
   Spider Nest |   1183 |   1138 |     45 |    429 |    600 |   1 | 1183.0 |
  Orcish Mines |   3486 |   3429 |     57 |    970 |   2046 |   2 | 1743.0 |
        Bailey |   1112 |   1112 |      0 |      0 |    943 |   1 | 1112.0 |
      Gauntlet |   1081 |   1081 |      0 |    415 |    380 |   1 | 1081.0 |
               +--------+--------+--------+--------+--------+-----+--------+

Top non-repeatable levels by time:
  Lair:2: 3585 daAuts
  Lair:6: 3442 daAuts
    D:13: 3011 daAuts
  Lair:5: 2765 daAuts
    D:11: 2620 daAuts
  Lair:3: 2563 daAuts
     D:9: 2301 daAuts
    D:14: 2235 daAuts
   Orc:1: 1947 daAuts
     D:8: 1854 daAuts
     D:3: 1819 daAuts
    D:12: 1793 daAuts
     D:7: 1775 daAuts
  Lair:1: 1748 daAuts
  Lair:4: 1728 daAuts
